 Dungeon Crawl Stone Soup version 0.26-a0-651-gb41185065b (webtiles) character file.

Game seed: 12975989927730501879

39 WaullulaCat the Gusty (level 3, -1/19 HPs)
             Began as a Tengu Air Elementalist on Sept 29, 2020.
             Slain by a scorpion (7 damage)
             ... on level 2 of the Dungeon.
             The game lasted 00:06:20 (1806 turns).

WaullulaCat the Gusty (Tengu Air Elementalist)      Turns: 1806, Time: 00:06:21

Health: -1/19      AC:  2    Str:  8    XL:     3   Next: 45%
Magic:  2/7        EV: 13    Int: 16    God:
Gold:   127        SH:  0    Dex: 14    Spells: 6/7 levels left

rFire    . . .     SeeInvis .   d - +0 dagger
rCold    . . .     Faith    .   (no shield)
rNeg     . . .     Spirit   .   a - +0 robe
rPois    .         Reflect  .   (helmet restricted)
rElec    .         Harm     .   (no cloak)
rCorr    .         Rampage  .   (no gloves)
MR       .....                  (boots unavailable)
Stlth    ++........             h - amulet of the acrobat
HPRegen  0.06/turn              (no ring)
MPRegen  0.10/turn              (no ring)

@: no status effects
A: beak, talons 3
a: no special abilities


You were on level 2 of the Dungeon.
You visited 1 branch of the dungeon, and saw 2 of its levels.

You collected 127 gold pieces.

Inventory:

Hand Weapons
 d - a +0 dagger (weapon)
 g - a +0 vorpal spear
 l - a +0 rapier
Missiles
 b - 59 stones (quivered)
Armour
 a - a +0 robe (worn)
Jewellery
 h - an amulet of the acrobat (around neck)
Wands
 e - a wand of acid (6)
Scrolls
 c - a scroll of teleportation
 j - 2 scrolls of fog
 k - a scroll of enchant armour {unknown}
Potions
 f - a potion of curing {unknown}
 i - 2 potions of stabbing {unknown}


   Skills:
 + Level 2.5 Dodging
 + Level 2.2 Stealth
 * Level 2.5 Spellcasting
 * Level 2.7 Conjurations
 + Level 4.2 Air Magic


You had 6 spell levels left.
You knew the following spells:

 Your Spells              Type           Power        Failure   Level
a - Shock                 Conj/Air       ##..         4%          1

Your spell library contained the following spells:

 Spells                   Type           Power        Failure   Level
 Swiftness                Air            ###.....     5%          2
 Static Discharge         Conj/Air       ##......     14%         3
 Airstrike                Air            ###.......   34%         4
 Lightning Bolt           Conj/Air       ##........   78%         5


Dungeon Overview and Level Annotations

Branches:
Dungeon (2/15)

Altars:


Innate Abilities, Weirdness & Mutations

You have a beak for a mouth.
You have claws for feet.


Message History

Casting: Shock (safe; 4% risk of failure)
Confirm with . or Enter, or press ? or * to list all spells.
Aiming: Shock (safe; 4% risk of failure)
Press: ? - help, Shift-Dir - straight line, f/p - scorpion
Aim: a scorpion (heavily wounded)
The zap hits the scorpion.
The scorpion is severely wounded.
The scorpion stings you.
Casting: Shock (safe; 4% risk of failure)
Confirm with . or Enter, or press ? or * to list all spells.
Aiming: Shock (safe; 4% risk of failure)
Press: ? - help, Shift-Dir - straight line, f/p - scorpion
Aim: a scorpion (severely wounded)
The zap hits the scorpion.
The scorpion is almost dead.
The scorpion stings you!
You closely miss the scorpion.
The scorpion is almost dead.
The scorpion stings you!
You die...

##.######.....#
#.....# #.....#
##....# #######
####.# ### #.#
... #.# #.# #.#
####..# #.#
.....)s#####.#
#..<@..†..#
#.#########


You could see a scorpion.

Vanquished Creatures
  A dart slug (D:1)
  A leopard gecko (D:1)
  2 giant cockroaches
  3 goblins (D:1)
  5 hobgoblins
  3 jackals (D:1)
  3 kobolds
  3 quokkas (D:2)
  5 bats
  A frilled lizard (D:1)
  4 rats (D:2)
31 creatures vanquished.

Notes
Turn   | Place    | Note
-------+----------+-------------------------------------------
     0 | D:1      | WaullulaCat the Tengu Air Elementalist began the quest for
                  | the Orb.
     0 | D:1      | Reached XP level 1. HP: 10/10 MP: 4/4
   125 | D:1      | Reached XP level 2. HP: 7/15 MP: 1/6
   883 | D:1      | Reached XP level 3. HP: 16/19 MP: 4/7
  1800 | D:2      | Noticed a scorpion
  1806 | D:2      | Slain by a scorpion

Illustrated notes

Levels and vault maps discovered:
D:1:      mrwooster_arrival_statue_2, layout_loops_ring
D:2:      layout_loops_cross, lemuel_coloured_pillars_altar

Skill      XL: |  1  2 |
---------------+-------+-----
Conjurations   | 2 |  2.7
Dodging        | |  2.5
Stealth        | |  2.2
Spellcasting   | |  2.5
Air Magic      | |  4.2

Action                   || total
-------------------------++-------
Melee: Unarmed           ||    11
       Kick              ||     4
       Peck              ||     3
       Dagger            ||    17
Throw: Stone             ||     1
 Cast: Shock             ||    56
  Use: Scroll            ||     5
 Stab: Sleeping          ||     1
Armor: Robe              ||     9
Dodge: Dodged            ||    14

Table legend: (Time is in decaauts)
 A = Elapsed time spent in this place.
 B = Non-inter-level travel time spent in this place.
 C = Inter-level travel time spent in this place.
 D = Time resting spent in this place.
 E = Time spent auto-exploring this place.
 F = Levels seen in this place.
 G = Mean time per level.
                   A        B        C        D        E       F      G
               +--------+--------+--------+--------+--------+-----+--------+
         Total |   1806 |   1789 |     17 |      0 |   1552 |   2 |  903.0 |
       Dungeon |   1806 |   1789 |     17 |      0 |   1552 |   2 |  903.0 |
               +--------+--------+--------+--------+--------+-----+--------+

Top non-repeatable levels by time:
     D:1: 1195 daAuts
     D:2: 611 daAuts
